 Dungeon Crawl Stone Soup version 0.25.0-9-g26727b6 (webtiles) character file.

Game seed: 3552956835749476250

66842 Renzlar the Blocker (level 15, -1/122 HPs)
             Began as a Gnoll Fighter on June 18, 2020.
             Was the Champion of Okawaru.
             Slain by an orc warlord
             ... wielding a +0 broad axe of flaming
              (23 damage)
             ... on level 12 of the Dungeon on June 19, 2020.
             The game lasted 02:07:15 (27282 turns).

Renzlar the Blocker (Gnoll Fighter)                Turns: 27282, Time: 02:07:15

Health: -1/122     AC: 18    Str: 23    XL:     15   Next: 21%
Magic:  27/28      EV: 17    Int:  9    God:    Okawaru [******]
Gold:   1582       SH: 29    Dex: 20    Spells: 30/33 levels left

rFire    + + .     SeeInvis +   a - +5 war axe (freeze)
rCold    + . .     Gourm    .   l - +2 tower shield {reflect}
rNeg     . . .     Faith    .   O - +1 chain mail {rF+}
rPois    +         Spirit   .   S - +2 hat
rElec    .         Reflect  +   x - scarf {rC+ rF+}
rCorr    .         Harm     .   (no gloves)
MR       +....                  (no boots)
Stlth    +++.......             k - amulet of reflection
HPRegen  0.30/turn              U - ring "Soisuhal" {rPois Dex+4}
MPRegen  0.21/turn              R - ring of see invisible

@: mighty, heroism
A: distributed training, fangs 1, rugged brown scales 1, dopey 1, strong nose
a: Heroism, Finesse, Renounce Religion


You were on level 12 of the Dungeon.
You worshipped Okawaru.
Okawaru was exalted by your worship.
You were not hungry.

You visited 4 branches of the dungeon, and saw 20 of its levels.
You also visited: Sewer.

You collected 1582 gold pieces.

Inventory:

Hand Weapons
 a - a +5 war axe of freezing (weapon)
 b - a +4 scimitar of flaming
 c - a +2 hunting sling of freezing
 d - a +1 whip of electrocution
 r - a +2 whip of flaming
 P - a +0 hand crossbow
 Q - a +1 flail of protection
Missiles
 i - 476 stones
 m - 57 poisoned darts
 o - 22 javelins
 s - 92 sling bullets
 I - 226 bolts
 K - 9 curare-tipped darts (quivered)
Armour
 l - a +2 tower shield of reflection (worn)
 v - a +1 kite shield
 x - a scarf of resistance (worn)
 O - a +1 chain mail of fire resistance (worn)
 S - a +2 hat (worn)
Jewellery
 k - an amulet of reflection (around neck)
 R - a ring of see invisible (right hand)
 U - the ring "Soisuhal" (left hand) {rPois Dex+4}
   (You found it on level 6 of the Lair of Beasts)

   [ring of poison resistance]

   It affects your dexterity (+4).
   It protects you from poison.
 V - an uncursed ring of ice
Wands
 z - a wand of flame (10)
 B - a wand of iceblast (32)
 E - a wand of acid (7)
 J - a wand of digging (13)
 L - a wand of clouds (5)
Scrolls
 n - 5 scrolls of teleportation
 p - 5 scrolls of magic mapping
 u - 4 scrolls of identify
 w - 2 scrolls of fear
 y - 8 scrolls of remove curse
 F - a scroll of enchant weapon
 G - 4 scrolls of enchant armour
 H - 3 scrolls of amnesia
Potions
 e - 3 potions of haste
 g - 8 potions of curing
 h - 3 potions of stabbing
 j - 3 potions of brilliance
 q - 8 potions of flight
 t - a potion of heal wounds
 A - a potion of cancellation
 D - a potion of lignification {unknown}
 M - 3 potions of might
 N - a potion of invisibility
Comestibles
 f - 36 rations
 T - 28 chunks of flesh


   Skills:
 + Level 11.5(16.5) Fighting
 + Level 9.7(14.7) Short Blades
 + Level 9.7(14.7) Long Blades
 + Level 10.7(15.7) Axes
 + Level 9.7(14.7) Maces & Flails
 + Level 9.7(14.7) Polearms
 + Level 9.7(14.7) Staves
 + Level 9.7(14.7) Slings
 + Level 9.7(14.7) Bows
 + Level 9.7(14.7) Crossbows
 + Level 9.7(14.7) Throwing
 + Level 11.5(16.5) Armour
 + Level 9.7(14.7) Dodging
 + Level 9.7(14.7) Stealth
 + Level 11.5(16.5) Shields
 + Level 9.7(14.7) Unarmed Combat
 + Level 9.7 Spellcasting
 + Level 8.1 Conjurations
 + Level 8.1 Hexes
 + Level 8.1 Charms
 + Level 8.1 Summonings
 + Level 8.1 Necromancy
 + Level 8.1 Translocations
 + Level 8.1 Transmutations
 + Level 8.1 Fire Magic
 + Level 8.1 Ice Magic
 + Level 8.1 Air Magic
 + Level 8.1 Earth Magic
 + Level 8.1 Poison Magic
 + Level 10.5 Invocations
 + Level 9.7 Evocations


You had 30 spell levels left.
You knew the following spells:

 Your Spells              Type           Power        Failure   Level  Hunger
a - Vampiric Draining     Necr           ###.......   19%         3    ###....

Your spell library contained the following spells:

 Spells                   Type           Power        Failure   Level  Hunger
 Animate Skeleton         Necr           N/A          6%          1    None
 Pain                     Necr           ###.         6%          1    None
 Ignite Poison            Fire/Tmut/Pois ###.....     19%         3    ###....
 Animate Dead             Necr           N/A          54%         4    ####...
 Agony                    Necr           ###.....     87%         5    ######.
 Fireball                 Conj/Fire      ###.......   87%         5    ######.
 Starburst                Conj/Fire      ###.......   100%        6    #######
 Ring of Flames           Chrm/Fire      ###.......   100%        7    #######
 Ignition                 Fire           ###.......   100%        8    #######


Dungeon Overview and Level Annotations

Branches:
Dungeon (12/15)            Temple (0/1) D:7            Lair (6/6) D:11
  Swamp (0/4) Lair:3        Snake (1/4) Lair:3        Slime (0/5) Lair:5
    Orc (1/2) D:12          Sewer (visited)

Altars:
Cheibriados
Fedhas
Gozag
Hepliaklqana
Okawaru
Ru
Vehumet
Xom
Beogh
Jiyva

Portals:
Trove: D:11 (give +6 fire dragon scales)

Annotations:
Lair:3 3 runed translucent doors, Exaltedone87's ghost, journeyman DsGl
Lair:4 3 runed translucent doors, Ludicrosity's ghost, journeyman GrBe
Snake:1 Nikola


Innate Abilities, Weirdness & Mutations

Your experience applies equally to all skills.
You have very sharp teeth.
Your uncanny sense of smell can sniff out nearby items.
You are partially covered in rugged brown scales. (AC +1, +3% HP)
You are dopey. (Int -2)


Message History

The orc warlord is lightly wounded.
You slash the orc warlord! You freeze the orc warlord.
You bite the orc warlord, but do no damage.
The orc warlord is moderately wounded.
The orc warlord barely misses you.
You slash the orc warlord! You freeze the orc warlord.
The orc warlord blocks your attack.
The orc warlord is heavily wounded.
You hit the orc warlord. You freeze the orc warlord.
The orc warlord blocks your attack.
The orc warlord is heavily wounded.
The orc warlord hits you with a +0 broad axe of flaming!!
* * * LOW HITPOINT WARNING * * *
The orc warlord burns you.
* * * LOW HITPOINT WARNING * * *
You feel very mighty all of a sudden.
You slash the orc warlord! You freeze the orc warlord.
The orc warlord is heavily wounded.
The orc warlord hits you with a +0 broad axe of flaming!!
You die...

*********************************
,,,,,,,,,,,,,,,,,,,,,,,,,,,,,,,,,
,****,,,,,,,,,,,,,,,,,,,,,,,,,,,,
.# *,,,*******,,,***,,********,,
.# *,,,* *,,,* *,,* *,, .# *,,,*
*,,,* *,,* *,, .# *∆,,* *,,,*
*,,* *,, .# #...################
*,, .# #...##......@......# *,,
<# #...##....)†o......# *,, .#
#.(.##...⌠.._..⌠...# *,, .#
#...##.............# *,, .#
#..(##......8......# *,,
.####...###8'8#####8'8##* *,,
.....(.)#...............# *,,
.####...###..##..###...## *,, .#
#...###)###..# *#..#*******,,


You could see an orc warlord.

Vanquished Creatures
  Rupert (Lair:3)
  Gastronok (Lair:3)
  Aizul (Lair:3)
  A war gargoyle (D:12)
  Fannar (Orc:1)
  A catoblepas (Lair:2)
  5 hydras
  A centaur warrior (D:12)
  A merfolk avatar (Lair:6)
  A deep troll earth mage (D:12)
  4 two-headed ogres
  The ghost of Sin92 the Cleaver, a novice MiFi of Okawaru (D:8)
  An anaconda (Lair:3)
  2 tengu warriors (D:11)
  Erica (D:10)
  A death yak (Lair:5)
  Sonja (D:10)
  Nergalle (Lair:2)
  A naga ritualist (Lair:3)
  2 harpies (Lair:6)
  2 unseen horrors
  An orc knight (D:12)
  Pikel (D:6)
  4 ugly things
  2 mana vipers (Lair:3)
  An orc sorcerer (Orc:1)
  2 manticores (Lair:6)
  A cyclops (D:11)
  Maurice (D:8)
  3 elephants (Lair:6)
  2 centaur zombies
  7 black mambas
  Psyche (D:8)
  11 spiny frogs
  4 torpor snails
  2 rime drakes (Lair:6)
  11 komodo dragons
  2 trolls
  3 meliai (Lair:5)
  4 polar bears
  3 hornets (Lair:6)
  3 bog bodies (Lair:3)
  3 slime creatures (D:12)
  A queen bee (Lair:5)
  11 dream sheep
  12 blink frogs
  3 hippogriffs
  23 yaks
  A shadow (D:11)
  The ghost of Storyteller215 the Ruffian, an amateur TrBe of Trog (D:4)
  A vampire (D:11)
  5 wyverns
  Eustachio (D:5)
  A spriggan (Lair:3)
  Grum (D:10)
  A basilisk (shapeshifter) (D:12)
  A hungry ghost (D:11)
  7 wargs
  Edmund (D:4)
  2 swamp worms (Lair:3)
  9 porcupines
  9 water moccasins
  2 ice beasts
  3 sky beasts
  A black bear (D:11)
  9 orc warriors
  2 slaves (D:6)
  A phantom (D:10)
  23 wolves
  6 centaurs
  11 ogres
  10 crocodiles
  Blork the orc (D:4)
  2 big kobolds
  16 bullfrogs
  5 scorpions
  10 wights
  16 killer bees (Lair:5)
  4 howler monkeys
  An electric eel (Lair:3)
  4 crimson imps
  5 jellies
  2 bullfrog skeletons
  6 hounds
  11 orc wizards
  3 quasits
  2 bullfrog zombies
  7 orc priests
  5 centaur skeletons
  2 iguanas
  6 worker ants
  A bullfrog simulacrum (D:8)
  A hound zombie (D:9)
  A spectral worker ant (D:8)
  4 hound skeletons
  A worker ant zombie (D:7)
  11 gnolls
  20 adders
  2 river rats (D:3)
  A hound simulacrum (D:8)
  6 shadow imps
  A worker ant simulacrum (D:8)
  A howler monkey simulacrum (D:8)
  2 oozes (Lair:5)
  An adder skeleton (D:7)
  2 worms
  3 leopard geckos
  73 orcs
  A ball python (Sewer)
  5 giant cockroaches
  11 goblins
  8 hobgoblins
  15 jackals
  A quokka (D:4)
  6 bats
  11 frilled lizards
  A jackal skeleton (D:4)
  10 kobolds
  A leopard gecko skeleton (D:4)
  8 rats
  2 fungi
  5 plants (Sewer)
586 creatures vanquished.

Vanquished Creatures (others)
  An orc (D:6)
  A jackal (D:6)
  3 fungi (Lair:6)
  11 plants
16 creatures vanquished.

Grand Total: 602 creatures vanquished

Notes
Turn   | Place    | Note
-------+----------+-------------------------------------------
     0 | D:1      | Renzlar the Gnoll Fighter began the quest for the Orb.
     0 | D:1      | Reached XP level 1. HP: 23/23 MP: 1/1
   131 | D:1      | Reached XP level 2. HP: 28/29 MP: 2/2
   738 | D:1      | Reached XP level 3. HP: 35/35 MP: 3/3
  1015 | D:2      | Reached skill level 1 in Invocations
  1171 | D:2      | Reached skill level 1 in Short Blades
  1171 | D:2      | Reached skill level 1 in Long Blades
  1171 | D:2      | Reached skill level 1 in Maces & Flails
  1171 | D:2      | Reached skill level 1 in Polearms
  1171 | D:2      | Reached skill level 1 in Staves
  1171 | D:2      | Reached skill level 1 in Slings
  1171 | D:2      | Reached skill level 1 in Bows
  1171 | D:2      | Reached skill level 1 in Crossbows
  1171 | D:2      | Reached skill level 1 in Throwing
  1171 | D:2      | Reached skill level 1 in Dodging
  1171 | D:2      | Reached skill level 1 in Stealth
  1171 | D:2      | Reached skill level 1 in Unarmed Combat
  1171 | D:2      | Reached skill level 1 in Spellcasting
  1171 | D:2      | Reached skill level 1 in Evocations
  1256 | D:2      | Reached XP level 4. HP: 41/41 MP: 5/5
  1348 | D:2      | Found an iron altar of Okawaru.
  1364 | D:2      | Became a worshipper of Warmaster Okawaru
  1922 | D:2      | Reached skill level 1 in Conjurations
  1922 | D:2      | Reached skill level 1 in Hexes
  1922 | D:2      | Reached skill level 1 in Charms
  1922 | D:2      | Reached skill level 1 in Summonings
  1922 | D:2      | Reached skill level 1 in Necromancy
  1922 | D:2      | Reached skill level 1 in Translocations
  1922 | D:2      | Reached skill level 1 in Transmutations
  1922 | D:2      | Reached skill level 1 in Fire Magic
  1922 | D:2      | Reached skill level 1 in Ice Magic
  1922 | D:2      | Reached skill level 1 in Air Magic
  1922 | D:2      | Reached skill level 1 in Earth Magic
  1922 | D:2      | Reached skill level 1 in Poison Magic
  2146 | D:3      | Reached XP level 5. HP: 25/47 MP: 6/6
  2175 | D:3      | Found a glowing drain.
  2184 | Sewer    | Entered a sewer
  4127 | D:3      | Reached XP level 6. HP: 26/53 MP: 8/8
  4818 | D:4      | Reached skill level 5 in Axes
  5062 | D:4      | Reached * piety under Okawaru
  5062 | D:4      | Reached XP level 7. HP: 49/59 MP: 10/10
  5181 | D:4      | Found a large runed translucent door.
  5181 | D:4      | Found a large runed translucent door.
  5182 | D:4      | Noticed Storyteller215's ghost (amateur TrBe)
  5197 | D:4      | Killed Storyteller215's ghost
  5206 | D:4      | Gained mutation: You are dopey. (Int -2) [potion of
                  | mutation]
  5206 | D:4      | Gained mutation: You are partially covered in rugged brown
                  | scales. (AC +1, +3% HP) [potion of mutation]
  5555 | D:5      | Entered Level 5 of the Dungeon
  5555 | D:5      | Noticed Edmund
  5564 | D:5      | Noticed Blork the orc
  5573 | D:4      | Killed Edmund
  5573 | D:4      | Reached XP level 8. HP: 65/69 MP: 12/12
  5602 | D:4      | Reached ** piety under Okawaru
  5795 | D:4      | Killed Blork the orc
  6044 | D:5      | Found a radiant altar of Vehumet.
  6225 | D:5      | Noticed Eustachio
  6270 | D:5      | Killed Eustachio
  6679 | D:6      | Reached XP level 9. HP: 71/74 MP: 14/14
  6798 | D:6      | Reached *** piety under Okawaru
  6936 | D:6      | Noticed Pikel
  6954 | D:6      | Killed Pikel
  7713 | D:7      | Received a gift from Okawaru
  7945 | D:7      | Reached skill level 5 in Invocations
  7965 | D:7      | Found a shimmering altar of Xom.
  7966 | D:7      | Found a hazy altar of Hepliaklqana.
  7967 | D:7      | Noticed a spectral ugly thing
  8394 | D:7      | Found an opulent altar of Gozag.
  8407 | D:7      | Found a staircase to the Ecumenical Temple.
  8554 | D:8      | Reached XP level 10. HP: 76/82 MP: 17/17
  8564 | D:8      | Found a runed translucent gate.
  8565 | D:8      | Found a runed translucent gate.
  8565 | D:8      | Found a runed translucent gate.
  8566 | D:8      | Noticed Sin92's ghost (novice MiFi)
  8611 | D:8      | Killed Sin92's ghost
  8611 | D:8      | Reached **** piety under Okawaru
  8611 | D:8      | Reached skill level 5 in Short Blades
  8611 | D:8      | Reached skill level 5 in Long Blades
  8611 | D:8      | Reached skill level 5 in Maces & Flails
  8611 | D:8      | Reached skill level 5 in Polearms
  8611 | D:8      | Reached skill level 5 in Staves
  8611 | D:8      | Reached skill level 5 in Slings
  8611 | D:8      | Reached skill level 5 in Bows
  8611 | D:8      | Reached skill level 5 in Crossbows
  8611 | D:8      | Reached skill level 5 in Throwing
  8611 | D:8      | Reached skill level 5 in Dodging
  8611 | D:8      | Reached skill level 5 in Stealth
  8611 | D:8      | Reached skill level 5 in Unarmed Combat
  8611 | D:8      | Reached skill level 5 in Spellcasting
  8611 | D:8      | Reached skill level 5 in Evocations
  8847 | D:8      | Noticed Psyche
  8861 | D:8      | Killed Psyche
  9483 | D:8      | Found a snail-covered altar of Cheibriados.
  9491 | D:8      | Noticed a two-headed ogre
  9494 | D:8      | Noticed a two-headed ogre
  9509 | D:8      | Killed a two-headed ogre
  9518 | D:8      | Killed a two-headed ogre
  9523 | D:8      | Reached ***** piety under Okawaru
  9754 | D:8      | Noticed Maurice
  9783 | D:8      | Paralysed by something for 6 turns
  9792 | D:8      | Killed Maurice
  9792 | D:8      | Reached XP level 11. HP: 89/89 MP: 19/19
 10084 | D:9      | Received a gift from Okawaru
 10785 | D:10     | Entered Level 10 of the Dungeon
 10785 | D:10     | Noticed a two-headed ogre
 10799 | D:10     | Killed a two-headed ogre
 10799 | D:10     | Reached skill level 5 in Conjurations
 10799 | D:10     | Reached skill level 5 in Hexes
 10799 | D:10     | Reached skill level 5 in Charms
 10799 | D:10     | Reached skill level 5 in Summonings
 10799 | D:10     | Reached skill level 5 in Necromancy
 10799 | D:10     | Reached skill level 5 in Translocations
 10799 | D:10     | Reached skill level 5 in Transmutations
 10799 | D:10     | Reached skill level 5 in Fire Magic
 10799 | D:10     | Reached skill level 5 in Ice Magic
 10799 | D:10     | Reached skill level 5 in Air Magic
 10799 | D:10     | Reached skill level 5 in Earth Magic
 10799 | D:10     | Reached skill level 5 in Poison Magic
 10800 | D:10     | Noticed Sonja
 11368 | D:10     | Killed Sonja
 11894 | D:10     | Killed an unseen horror
 12663 | D:10     | Noticed Erica
 12695 | D:10     | Killed Erica
 12695 | D:10     | Received a gift from Okawaru
 12804 | D:10     | Noticed Grum
 12840 | D:10     | Killed Grum
 13280 | D:11     | Noticed a two-headed ogre
 13287 | D:11     | Killed a two-headed ogre
 13287 | D:11     | Received a gift from Okawaru
 13591 | D:11     | Found a staircase to the Lair.
 13789 | D:11     | Noticed a white ugly thing
 13789 | D:11     | Noticed a purple ugly thing
 13803 | D:11     | Killed a white ugly thing
 13803 | D:11     | Reached XP level 12. HP: 87/98 MP: 15/22
 14170 | D:11     | Received a gift from Okawaru
 15030 | D:11     | Found a portal to a secret trove of treasure.
 15218 | Lair:1   | Entered Level 1 of the Lair of Beasts
 15277 | D:12     | Noticed a tengu warrior
 15277 | D:12     | Noticed a tengu warrior
 15315 | D:11     | Killed a tengu warrior
 15326 | D:11     | HP: 3/99 [tengu warrior/+0 broad axe (8)]
 15328 | D:11     | Killed a tengu warrior
 16590 | Lair:2   | Noticed Nergalle
 16790 | Lair:2   | Killed Nergalle
 16790 | Lair:2   | Reached skill level 10 in Fighting
 16790 | Lair:2   | Reached skill level 10 in Armour
 16790 | Lair:2   | Reached skill level 10 in Shields
 16883 | Lair:2   | Noticed a catoblepas
 16933 | Lair:2   | Killed a catoblepas
 16933 | Lair:2   | Received a gift from Okawaru
 17351 | Lair:2   | Noticed a four-headed hydra
 17364 | Lair:2   | Killed a one-headed hydra
 17364 | Lair:2   | Reached XP level 13. HP: 74/106 MP: 24/24
 17956 | Lair:3   | Noticed Gastronok
 17974 | Lair:3   | Killed Gastronok
 18097 | Lair:3   | Found a staircase to the Snake Pit.
 18271 | Lair:3   | Reached ****** piety under Okawaru
 18271 | Lair:3   | Received a gift from Okawaru
 18474 | Lair:3   | Found a runed translucent gate.
 18475 | Lair:3   | Found a runed translucent gate.
 18476 | Lair:3   | Found a runed translucent gate.
 18476 | Lair:3   | Noticed Exaltedone87's ghost (journeyman DsGl)
 18948 | Lair:3   | Found a staircase to the Swamp.
 20347 | Lair:4   | Received a gift from Okawaru
 20579 | Lair:4   | Found a runed translucent gate.
 20579 | Lair:4   | Found a runed translucent gate.
 20579 | Lair:4   | Found a runed translucent gate.
 20579 | Lair:4   | Noticed Ludicrosity's ghost (journeyman GrBe)
 21050 | Lair:5   | Received a gift from Okawaru
 21424 | Lair:5   | Found a runed translucent door.
 21424 | Lair:5   | Found a viscous altar of Jiyva.
 21425 | Lair:5   | Found a staircase to the Slime Pits.
 22050 | Lair:5   | Reached XP level 14. HP: 99/114 MP: 26/26
 22458 | Lair:6   | Entered Level 6 of the Lair of Beasts
 22672 | Lair:6   | Got an ancient robe
 22673 | Lair:6   | Identified the +2 robe "Asureysi" {*Contam +Inv Str+2
                  | Dex+8} (You found it on level 6 of the Lair of Beasts)
 22929 | Lair:6   | Reached skill level 10 in Axes
 23351 | Lair:6   | Received a gift from Okawaru
 23355 | Lair:6   | Identified the +0 ring mail "Porhusi" {Str+3} (Okawaru
                  | gifted it to you on level 6 of the Lair of Beasts)
 23827 | Lair:6   | Reached skill level 10 in Invocations
 24068 | Lair:6   | Got a sparkling platinum ring
 24070 | Lair:6   | Identified the ring "Soisuhal" {rPois Dex+4} (You found it
                  | on level 6 of the Lair of Beasts)
 24677 | Snake:1  | Entered Level 1 of the Snake Pit
 24677 | Snake:1  | Noticed Aizul
 24883 | Lair:3   | Killed Aizul
 24897 | Lair:3   | HP: 5/116 [poisoned by Aizul (poison arrow)]
 24904 | Lair:3   | HP: 5/116 [poisoned by Aizul (poison arrow)]
 24909 | Lair:3   | HP: 5/116 [poisoned by Aizul (poison arrow)]
 25292 | Snake:1  | Noticed a nagaraja
 25492 | Snake:1  | Noticed Rupert
 25492 | Snake:1  | Paralysed by Rupert for 3 turns
 25495 | Snake:1  | Noticed Nikola
 25758 | Lair:3   | Killed Rupert
 25758 | Lair:3   | Received a gift from Okawaru
 25777 | Lair:3   | Learned a level 3 spell: Vampiric Draining
 25935 | D:12     | Found a roughly hewn altar of Beogh.
 26309 | D:12     | Reached XP level 15. HP: 109/122 MP: 28/28
 26403 | D:12     | Found a large runed translucent door.
 26403 | D:12     | Found a large runed translucent door.
 26517 | D:12     | Found a blossoming altar of Fedhas.
 26838 | D:12     | Found a sacrificial altar of Ru.
 26986 | D:12     | Found a staircase to the Orcish Mines.
 27004 | Orc:1    | Entered Level 1 of the Orcish Mines
 27018 | Orc:1    | Noticed Fannar
 27034 | Orc:1    | Killed Fannar
 27228 | Orc:1    | Noticed an orc warlord
 27282 | D:12     | Slain by an orc warlord

Illustrated notes

Levels and vault maps discovered:
D:1:      arrival_zaba_pyramid, layout_loops_ring
D:2:      layout_basic, kennysheep_okawaru_gauntlet, first_ration
D:3:      layout_loops_cross, cheibrodos_sewer_entry_sluice
D:4:      layout_layer_cave, ebering_ghost_disaster_area
D:5:      layout_rooms, nicolae_overflow_crystal_walls, minmay_misc_feat_cross,
          uniq_eustachio, uniq_blork_the_orc, uniq_edmund
D:6:      layout_loops_ring, uniq_pikel
D:7:      layout_basic, regret_index_temple_of_mockery, grunt_gozag_statues,
          temple_statues, grunt_ogre_cave
D:8:      layout_loops_cross, overflow_temple_1_default,
          gammafunk_ghost_necromancy, uniq_psyche, uniq_maurice
D:9:      layout_loops_cross
D:10:     layout_basic, dk_noncrumbling_3, uniq_sonja, uniq_erica, uniq_grum
D:11:     layout_roguey, erik_lair_orcish_takeover, enter_trove_0, minmay_bent
D:12:     layout_long_grid, david_orc_5, enter_bailey_3, kennysheep_doodads,
          jmf_multi_god_temple2
Lair:1:   layout_gridlike, minmay_hedge_maze
Lair:2:   layout_cave_pods, uniq_nergalle
Lair:3:   layout_gridlike, nicolae_swamp_entry_splash_gauntlet,
          dummy_snake_entry, gammafunk_ghost_hydra_chop, serial_bayou_pond_c,
          grunt_forest_large_clearing_hut, uniq_gastronok
Lair:4:   layout_regular_city, gammafunk_ghost_necromancy
Lair:5:   layout_hall_layers, slime_altar_2, special_room [special_room_bee],
          minmay_shattered_shrine
Lair:6:   gammafunk_lair_ancient_temple, layout_regular_city
Snake:1:  layout_cave_shapes, serial_bayou_shore_b, uniq_aizul, uniq_nikola,
          uniq_rupert
Orc:1:    layout_diamond_mine, uniq_fannar

Skill      XL: |  1  2  3  4  5  6  7  8  9 10 11 12 13 14 |
---------------+-------------------------------------------+-----
Invocations    | 1 2 3 4 5 6 7 8 9 10 | 10.5
Short Blades   | 1 2 3 4 5 6 7 8 9 |  9.7
Long Blades    | 1 2 3 4 5 6 7 8 9 |  9.7
Maces & Flails | 1 2 3 4 5 6 7 8 9 |  9.7
Polearms       | 1 2 3 4 5 6 7 8 9 |  9.7
Staves         | 1 2 3 4 5 6 7 8 9 |  9.7
Slings         | 1 2 3 4 5 6 7 8 9 |  9.7
Bows           | 1 2 3 4 5 6 7 8 9 |  9.7
Crossbows      | 1 2 3 4 5 6 7 8 9 |  9.7
Throwing       | 1 2 3 4 5 6 7 8 9 |  9.7
Dodging        | 1 2 3 4 5 6 7 8 9 |  9.7
Stealth        | 1 2 3 4 5 6 7 8 9 |  9.7
Unarmed Combat | 1 2 3 4 5 6 7 8 9 |  9.7
Spellcasting   | 1 2 3 4 5 6 7 8 9 |  9.7
Evocations     | 1 2 3 4 5 6 7 8 9 |  9.7
Conjurations   | 1 2 3 4 5 6 7 8 |  8.1
Hexes          | 1 2 3 4 5 6 7 8 |  8.1
Charms         | 1 2 3 4 5 6 7 8 |  8.1
Summonings     | 1 2 3 4 5 6 7 8 |  8.1
Necromancy     | 1 2 3 4 5 6 7 8 |  8.1
Translocations | 1 2 3 4 5 6 7 8 |  8.1
Transmutations | 1 2 3 4 5 6 7 8 |  8.1
Fire Magic     | 1 2 3 4 5 6 7 8 |  8.1
Ice Magic      | 1 2 3 4 5 6 7 8 |  8.1
Air Magic      | 1 2 3 4 5 6 7 8 |  8.1
Earth Magic    | 1 2 3 4 5 6 7 8 |  8.1
Poison Magic   | 1 2 3 4 5 6 7 8 |  8.1
Axes           | 5 6 7 8 9 10 | 10.7
Fighting       | 7 8 9 10 11 | 11.5
Armour         | 7 8 9 10 11 | 11.5
Shields        | 7 8 9 10 11 | 11.5

Action                   |  1- 3 |  4- 6 |  7- 9 | 10-12 | 13-15 || total
-------------------------+-------+-------+-------+-------+-------++-------
Melee: War axe           |    75 |   363 |    72 |   265 |   673 ||  1448
       Bite              |     5 |    46 |    48 |   123 |   124 ||   346
       Flail             |       |       |   346 |   308 |       ||   654
       Whip              |       |       |     9 |   100 |       ||   109
       Scimitar          |       |       |       |   117 |   140 ||   257
 Fire: Hand crossbow     |       |       |       |    11 |       ||    11
       Hunting sling     |       |       |       |     5 |   401 ||   406
Throw: Stone             |    43 |    87 |    97 |   120 |       ||   347
       Dart              |     3 |     6 |    13 |    42 |     4 ||    68
       Javelin           |       |       |     2 |     4 |       ||     6
Invok: Heroism           |       |       |     3 |    12 |     6 ||    21
       Finesse           |       |       |       |     1 |     1 ||     2
Evoke: Wand              |       |       |       |     1 |     1 ||     2
  Use: Scroll            |     5 |     4 |     6 |     1 |    18 ||    34
       Potion            |       |       |     1 |     4 |     5 ||    10
 Stab: Petrified         |       |       |       |     6 |       ||     6
  Eat: Chunk             |     1 |     7 |    12 |    25 |    22 ||    67
       Ration            |       |     2 |       |     2 |     3 ||     7
Armor: Scale mail        |    21 |    83 |       |       |       ||   104
       Chain mail        |       |     9 |   203 |   333 |   174 ||   719
Dodge: Dodged            |    21 |    55 |    89 |   166 |   199 ||   530
Block: Kite shield       |    41 |    13 |       |       |       ||    54
       Tower shield      |       |   260 |   402 |   649 |   834 ||  2145
       Reflection        |       |       |       |       |    17 ||    17
       Rpst.: Scimitar   |       |       |       |     6 |    11 ||    17
